 Dungeon Crawl Stone Soup version 0.20.0-10-g0535bb4 (webtiles) character file.

95 poirepourri the Poker (level 4, -5/34 HPs)
             Began as a Merfolk Skald on June 6, 2017.
             Killed by divine providence
             ... invoked by an orc priest
              (14 damage)
             ... on level 3 of the Dungeon.
             The game lasted 00:04:20 (2530 turns).

poirepourri the Poker (Merfolk Skald)               Turns: 2530, Time: 00:04:21

Health: -5/34      AC:  7    Str: 12    XL:     4   Next: 65%
Magic:  2/7        EV: 10    Int: 17    God:
Gold:   104        SH:  0    Dex: 13    Spells: 0/8 levels left

rFire    . . .     SeeInvis +   a - +2 spear
rCold    . . .     Gourm    .   (no shield)
rNeg     . . .     Faith    .   j - +0 scale mail
rPois    .         Spirit   .   (no helmet)
rElec    .         Reflect  .   (no cloak)
rCorr    .         Harm     .   l - +0 pair of gloves (curse)
MR       .....                  (no boots)
Stlth    ..........             (no amulet)
Regen    0.2/turn               e - ring of see invisible (curse)
MPRegen  0.1/turn               (no ring)

@: brilliant, infused, very slightly contaminated
A: change form in water, swift swim, stealthy swim
a: no special abilities


You were on level 3 of the Dungeon.
You were not hungry.

You visited 1 branch of the dungeon, and saw 3 of its levels.

You collected 104 gold pieces.

Inventory:

Hand Weapons
 a - a +2 spear (weapon)
Missiles
 b - 4 tomahawks (quivered)
 m - 18 bolts
 n - 12 poisoned needles
Armour
 j - a +0 scale mail (worn)
 l - a cursed +0 pair of gloves (worn)
 q - a +0 buckler
Jewellery
 e - a cursed ring of see invisible (left hand)
 r - an uncursed ring of poison resistance {unknown}
Scrolls
 k - a scroll of blinking
 o - 2 scrolls of teleportation
 p - a scroll of fog
Potions
 h - a potion of brilliance
 i - 3 potions of resistance
Books
 c - a book of Battle

   Spells                             Type                      Level
   a - Infusion                       Charms                       1
   b - Shroud of Golubria             Charms/Translocation         2
   c - Song of Slaying                Charms                       2
   d - Spectral Weapon                Hexes/Charms                 3
   e - Regeneration                   Charms/Necromancy            3
Comestibles
 d - 2 bread rations
 f - 3 royal jellies
 g - a meat ration


   Skills:
 + Level 2.5 Fighting
 + Level 4.0 Polearms
 - Level 1.0 Armour
 + Level 3.6 Dodging
 + Level 2.6 Spellcasting
 + Level 4.0 Charms


You couldn't memorise any spells.
You knew the following spells:

 Your Spells              Type           Power        Failure   Level  Hunger
a - Infusion              Chrm           ####         2%          1    #......
b - Shroud of Golubria    Chrm/Tloc      ###.......   8%          2    ##.....
c - Song of Slaying       Chrm           ####....     3%          2    ##.....
d - Spectral Weapon       Hex/Chrm       ###.....     14%         3    ###....


Dungeon Overview and Level Annotations

Branches:
Dungeon (3/15)

Altars:


Message History

The orc priest is heavily wounded.
The goblin hits you.
* * * LOW HITPOINT WARNING * * *
It was a potion of brilliance.
You feel clever all of a sudden.
Your magical infusion is running out.
The orc priest looks satisfied for a moment.
The goblin barely misses you.
Casting: Infusion
Confirm with . or Enter, or press ? or * to list all spells.
You extend your infusion's duration.
The orc priest closely misses you. The goblin hits you but does no damage.
You hit the orc priest.
The orc priest is almost dead.
The orc priest barely misses you. The goblin hits you but does no damage.
You closely miss the orc priest.
The orc priest is almost dead.
The goblin completely misses you.
The orc priest mumbles some strange prayers to Beogh against you.
Beogh smites you!
You die...

#.......†..#
#####......####
#.......<..### #####.....#
.............#####
####..#..#
.#.##.#...[......# #....##
.#
......#)..##.....###.#### #
....###.#.#.........†#####.
.... #.#...#>...##........#
... .....................#
.. ..#.###..o@..........#
#..#.......g......#....
#..###......####.......
#.......#..## #......
###.... #..... ##.#. .#..
.... #(. .....


You could see an orc priest and a goblin.

Vanquished Creatures
  A hound (D:2)
  2 adders (D:2)
  5 worms
  An orc (D:3)
  2 ball pythons (D:1)
  A giant cockroach (D:2)
  4 goblins
  A hobgoblin (D:1)
  A quokka (D:3)
  5 bats
  A frilled lizard (D:1)
  6 kobolds
  6 rats
36 creatures vanquished.

Notes
Turn   | Place    | Note
-------+----------+-------------------------------------------
     0 | D:1      | poirepourri the Merfolk Skald began the quest for the Orb.
     0 | D:1      | Reached XP level 1. HP: 16/16 MP: 3/3
   337 | D:1      | Reached XP level 2. HP: 18/22 MP: 5/5
   551 | D:1      | Learned a level 2 spell: Shroud of Golubria
   554 | D:1      | Learned a level 2 spell: Song of Slaying
  1060 | D:2      | Reached skill level 1 in Armour
  1060 | D:2      | Reached XP level 3. HP: 24/28 MP: 1/6
  2048 | D:2      | Reached XP level 4. HP: 23/34 MP: 0/7
  2253 | D:2      | Learned a level 3 spell: Spectral Weapon
  2530 | D:3      | Killed from afar by an orc priest

Skill      XL: |  1  2  3  4 |
---------------+-------------+-----
Dodging        | 3 |  3.6
Armour         | 1 |  1.0
Polearms       | 4 |  4.0
Charms         | 4 |  4.0
Fighting       | |  2.5
Spellcasting   | |  2.6

Action                   |  1- 3 |  4- 6 || total
-------------------------+-------+-------++-------
Melee: Spear             |   126 |    34 ||   160
       Tailslap          |     1 |       ||     1
 Cast: Infusion          |    13 |     3 ||    16
  Use: Scroll            |     8 |       ||     8
       Potion            |     1 |     1 ||     2
 Stab: Sleeping          |     2 |       ||     2
  Eat: Meat ration       |     1 |       ||     1
Armor: Leather armour    |    51 |       ||    51
       Scale mail        |       |    15 ||    15
Dodge: Dodged            |   133 |    22 ||   155
